 Dungeon Crawl Stone Soup version 0.29-a0-90-gc37658a0fe (webtiles) character file.

Game seed: 13732090550775058260

1342 Gargoyl the Covered (level 8, -15/49 HPs)
             Began as a Gargoyle Abyssal Knight on Feb 6, 2022.
             Was a Priest of Lugonu.
             Killed from afar by an acid dragon (22 damage)
             ... with a splash of acid
             ... on level 7 of the Dungeon.
             The game lasted 00:10:24 (6167 turns).

Gargoyl the Covered (Gargoyle Abyssal Knight)       Turns: 6167, Time: 00:10:24

Health: -15/49     AC:  7    Str: 25    XL:     8   Next: 62%
Magic:  14/14      EV:  9    Int: 11    God:    Lugonu [***...]
Gold:   437        SH:  0    Dex: 10    Spells: 15/15 levels left

rFire   . . .      SeeInvis .   a - +2 hand axe (drain)
rCold   . . .      Faith    .   (no shield)
rNeg    + . .      Spirit   .   n - +0 chain mail
rPois   ∞          Reflect  .   (no helmet)
rElec   +          Harm     .   (no cloak)
rCorr   .          Rampage  .   (no gloves)
Will    .....                   (no boots)
Stlth   ..........              (no amulet)
HPRegen 0.16/turn               g - +6 ring of strength
MPRegen 0.14/turn               (no ring)

@: corroded
A: sickness immunity, AC +5, negative energy resistance 1, electricity
resistance, torment resistance 1, petrification resistance
a: Renounce Religion, Depart the Abyss, Bend Space, Banish


You were on level 7 of the Dungeon.
You worshipped Lugonu.
Lugonu was most pleased with you.
You visited 1 branch of the dungeon, and saw 7 of its levels.
You visited the Abyss 1 time.
You also visited: Ossuary.

You collected 512 gold pieces.
You spent 75 gold pieces at shops.

Inventory:

Hand Weapons
 a - a +2 hand axe of draining (weapon)
 m - a +2 dagger of venom
Missiles
 k - 7 poisoned darts (quivered)
 l - 6 boomerangs
Armour
 n - a +0 chain mail (worn)
Jewellery
 g - a +6 ring of strength (left hand)
Wands
 h - a wand of mindburst (20)
 r - a wand of acid (12)
Scrolls
 b - 4 scrolls of identify
 i - 2 scrolls of fog
 o - a scroll of brand weapon
 v - a scroll of fear
Potions
 c - 4 potions of degeneration {unknown}
 e - 2 potions of cancellation {unknown}
 f - 5 potions of curing
 j - 2 potions of magic
 p - a potion of haste {unknown}
 q - 2 potions of mutation {unknown}
 s - a potion of berserk rage {unknown}
 t - a potion of brilliance {unknown}
 u - a potion of invisibility


   Skills:
 + Level 5.1 Fighting
 + Level 2.9 Short Blades
 + Level 4.2 Axes
 + Level 5.5 Armour
 + Level 2.2 Dodging
 + Level 2.5 Stealth
 * Level 4.0 Spellcasting
 + Level 2.5 Invocations


You had 15 spell levels left.
You didn't know any spells.
Your spell library contained the following spells:

 Spells                   Type           Power      Damage    Failure   Level
 Magic Dart               Conj           8%         1d3       82%         1
 Searing Ray              Conj           4%         2d4       91%         2
 Gell's Gravitas          Tloc           2%         N/A       99%         3
 Ozocubu's Armour         Ice            2%         N/A       99%         3
 Teleport Other           Tloc           2%         N/A       99%         3
 Fulminant Prism          Conj/Hex       1%         3d6       100%        4
 Dispersal                Tloc           1%         N/A       100%        6
 Ozocubu's Refrigeration  Ice            1%         4d5       100%        7


Dungeon Overview and Level Annotations

Branches:
Dungeon (7/15)             Temple (0/1) D:7         Ossuary (visited)

Altars:
Cheibriados
Makhleb
Nemelex Xobeh
Ru
Uskayaw
Lugonu

Shops:
D:4 ?   D:5 (

Portals:
Abyss: D:4

Annotations:
D:4 2 runed translucent doors, hemabe71's ghost, amateur HuAr


Innate Abilities, Weirdness & Mutations

You are immune to sickness and miasma.
Your stone body is resilient. (AC +5)
You are immune to poison.
You resist negative energy. (rN+)
You are resistant to electric shocks. (rElec)
You are resistant to unholy torment.
You are immune to petrification.


Message History

The acid dragon claws you.
* * * LOW HITPOINT WARNING * * *
You feel much better. The acid dragon bites you.
The acid dragon barely misses you.
You barely miss the acid dragon.
The acid dragon is moderately wounded.
You hit the human skeleton.
The human skeleton hits you but does no damage.
The acid dragon spits acid at you. The splash of acid hits you!
The acid corrodes you!
Unknown command.
You hit the acid dragon but do no damage.
The acid dragon is moderately wounded.
You hit the human skeleton but do no damage.
The human skeleton hits you but does no damage.
The acid dragon bites you. The acid dragon barely misses you.
Unknown command.
You barely miss the acid dragon.
The acid dragon is moderately wounded.
You hit the jackal zombie. You hit the human skeleton.
The jackal zombie barely misses you.
The human skeleton hits you but does no damage.
The acid dragon bites you.
* * * LOW HITPOINT WARNING * * *
The acid dragon barely misses you.
Press: ? - help, Shift-Dir - straight line, f - acid dragon
Aim: an acid dragon (moderately wounded, catching its breath, lightly drained, chance to affect: 83%)
You fail to use your ability.
The jackal zombie bites you but does no damage.
The human skeleton hits you but does no damage.
The acid dragon bites you.
* * * LOW HITPOINT WARNING * * *
The acid dragon barely misses you.
Press: ? - help, Shift-Dir - straight line, f/p - acid dragon
Aim: an acid dragon (moderately wounded, lightly drained, chance to affect: 83%)
You fail to use your ability.
The jackal zombie bites you but does no damage.
The acid dragon spits acid at you. The splash of acid hits you!!
You die...

### #.
#.......#####.### #.
#.......
#..#...####.
#....).#
#........#..
##......#
#.....##....
.......#
#.....##>... #.....#
#.[...##.... #.DZZ.#
#...........
#..@..###......#....
##.#.###.......##...
#.#.###.......###..
#............## ##.
#..#.#######.# .
#..#.# #... . #.##.#
#.... #. #.# #....
#. ..# #...


You could see an acid dragon (catching breath, drained), a jackal zombie and a
human skeleton.

Vanquished Creatures
  2 necrophages
  An orc warrior (D:6)
  3 ogres
  A centaur (D:6)
  3 scorpions
  A bullfrog skeleton (D:3)
  2 orc priests
  2 hounds (D:5)
  2 iguanas
  A hound zombie (D:5)
  A hound skeleton (D:5)
  8 mummies (Ossuary)
  A howler monkey skeleton (D:6)
  13 adders
  A white imp (D:7)
  2 ufetubi
  2 adder skeletons (D:4)
  A worm (D:2)
  3 dart slugs
  12 orcs
  6 ball pythons
  7 endoplasms
  3 giant cockroaches
  5 goblins
  7 hobgoblins
  4 jackals (D:4)
  3 kobolds
  3 quokkas
  5 bats
  3 frilled lizards
  2 hobgoblin zombies (Ossuary)
  4 kobold zombies (Ossuary)
  2 orc zombies (Ossuary)
  8 rats
124 creatures vanquished.

Notes
Turn   | Place    | Note
-------+----------+-------------------------------------------
     0 | Abyss:1  | Gargoyl the Gargoyle Abyssal Knight began the quest for the
                  | Orb.
     0 | Abyss:1  | Reached XP level 1. HP: 14/14 MP: 2/2
    39 | Abyss:1  | Noticed a spatial vortex
    39 | Abyss:1  | Noticed a spatial maelstrom
    40 | D:1      | Escaped the Abyss
   255 | D:1      | Reached * piety under Lugonu
   396 | D:1      | Reached XP level 2. HP: 19/19 MP: 3/3
   446 | D:1      | Found a faded altar of an unknown god.
   625 | D:1      | Reached skill level 1 in Dodging
   902 | D:2      | Reached XP level 3. HP: 22/24 MP: 4/4
  1297 | D:2      | Reached XP level 4. HP: 29/29 MP: 5/5
  1602 | D:3      | Reached ** piety under Lugonu
  1834 | D:3      | Found a sparkling altar of Nemelex Xobeh.
  1885 | D:3      | Found a sacrificial altar of Ru.
  1900 | D:3      | Reached skill level 1 in Spellcasting
  1900 | D:3      | Reached XP level 5. HP: 28/33 MP: 6/6
  2586 | D:4      | Noticed an ogre
  2606 | D:4      | Killed an ogre
  2607 | D:4      | Reached XP level 6. HP: 35/39 MP: 8/8
  2766 | D:4      | Found a one-way gate to the infinite horrors of the Abyss.
  2915 | D:4      | Found a large runed translucent door.
  2915 | D:4      | Found a large runed translucent door.
  2916 | D:4      | Found a corrupted altar of Lugonu.
  3305 | D:4      | Found a hide-covered altar of Uskayaw.
  3375 | D:4      | Found a runed translucent door.
  3378 | D:4      | Noticed hemabe71's ghost (amateur HuAr)
  3464 | D:4      | Found Jaerr's Magic Scroll Emporium.
  3469 | D:4      | Bought a scroll of enchant weapon for 75 gold pieces
  3906 | D:5      | Entered Level 5 of the Dungeon
  3906 | D:5      | Found a snail-covered altar of Cheibriados.
  4092 | D:5      | Reached skill level 1 in Short Blades
  4092 | D:5      | Reached skill level 1 in Stealth
  4092 | D:5      | Reached XP level 7. HP: 37/44 MP: 10/10
  4461 | D:5      | Found Mysucsu's Firing Range.
  4906 | D:6      | Reached *** piety under Lugonu
  4910 | D:6      | Reached XP level 8. HP: 10/48 MP: 12/12
  5313 | D:6      | Reached skill level 5 in Armour
  5339 | D:6      | Reached skill level 5 in Fighting
  5611 | D:7      | Found a staircase to the Ecumenical Temple.
  5654 | D:7      | Found a burning altar of Makhleb.
  5679 | D:7      | Found a sand-covered staircase.
  5693 | Ossuary  | Entered an ossuary
  6167 | D:7      | Killed from afar by an acid dragon

Illustrated notes

Levels and vault maps discovered:
D:1:      lightli_arrival_windingriver, layout_basic,
          chequers_ecumenical_altar_island
D:2:      layout_basic
D:3:      layout_basic, lemuel_tele_altar, general_overflow_altar
D:4:      due_chaos_kobolds, layout_basic, mainiacjoe_overflow_brackets,
          ebering_ghost_sewer_d, serial_shops, nicolae_shop_hallway_plus,
          saegor_snake_ambush
D:5:      layout_cave_pods, mainiacjoe_overflow_alcove_1,
          nicolae_shop_firing_range
D:6:      layout_cave_pools
D:7:      layout_rooms, kennysheep_mini_moat, dk_yredelemnul_ordeal,
          minmay_temple_entry_glass, nicolae_ossuary_entry_ruins, serial_shops,
          nicolae_shop_stone

Skill      XL: |  1  2  3  4  5  6  7  8 |
---------------+-------------------------+-----
Dodging        | 1 2 |  2.2
Axes           | 2 3 4 |  4.2
Fighting       | 4 5 |  5.1
Spellcasting   | 1 2 3 4 |  4.0
Armour         | 3 4 5 |  5.5
Short Blades   | 1 2 |  2.9
Stealth        | 1 2 |  2.5
Invocations    | |  2.5

Action                   |  1- 3 |  4- 6 |  7- 9 || total
-------------------------+-------+-------+-------++-------
Melee: Hand axe          |    75 |   135 |    78 ||   288
       Punch             |       |     4 |       ||     4
       Dagger            |       |    81 |    32 ||   113
Invok: Depart the Abyss  |     1 |       |       ||     1
       Bend Space        |       |     2 |       ||     2
  Use: Scroll            |     7 |     5 |     8 ||    20
       Potion            |       |     2 |     1 ||     3
 Stab: Invisible         |       |     3 |       ||     3
       Distracted        |       |       |     2 ||     2
Armor: Leather armour    |     8 |       |       ||     8
       Ring mail         |    45 |   105 |    22 ||   172
       Skin              |       |    16 |       ||    16
       Chain mail        |       |       |    32 ||    32
Dodge: Dodged            |    61 |   137 |    50 ||   248

Table legend: (Time is in decaauts)
 A = Elapsed time spent in this place.
 B = Non-inter-level travel time spent in this place.
 C = Inter-level travel time spent in this place.
 D = Time resting spent in this place.
 E = Time spent auto-exploring this place.
 F = Levels seen in this place.
 G = Mean time per level.
                   A        B        C        D        E       F      G
               +--------+--------+--------+--------+--------+-----+--------+
         Total |   6236 |   6132 |    104 |    636 |   4293 |   9 |  692.9 |
       Dungeon |   5818 |   5714 |    104 |    636 |   3959 |   7 |  831.1 |
         Abyss |     40 |     40 |      0 |      0 |     39 |   1 |   40.0 |
       Ossuary |    377 |    377 |      0 |      0 |    295 |   1 |  377.0 |
               +--------+--------+--------+--------+--------+-----+--------+

Top non-repeatable levels by time:
     D:3: 1294 daAuts
     D:4: 1153 daAuts
     D:5: 977 daAuts
     D:1: 863 daAuts
     D:6: 720 daAuts
     D:2: 620 daAuts
 Ossuary: 377 daAuts
     D:7: 189 daAuts
 Abyss:1: 40 daAuts
